 Seeded DCSS version 0.30.1-9-gdf580d7c3d (webtiles) character file.

Game seed: 920673320228942481 (custom seed)

310 Psyclone the Destroyer (level 6, 32/32 HPs)
             Began as a Deep Elf Conjurer on Oct 10, 2023.
             Was an Initiate of Gozag.
             Quit the game on level 7 of the Dungeon.
             The game lasted 00:02:14 (882 turns).

Psyclone the Destroyer (Deep Elf Conjurer)           Turns: 882, Time: 00:02:15

Health: 32/32      AC:  3    Str:  4    XL:     6   Next: 18%
Magic:  12/12      EV: 12    Int: 32    God:    Gozag
Gold:   747        SH:  0    Dex: 13    Spells: 0/11 levels left

rFire   . . .        (no weapon)
rCold   . . .        (no shield)
rNeg    . . .        a - +0 robe
rPois   +            (no helmet)
rElec   +            c - +0 cloak "Luopt" {Drain rElec rPois Int+7}
rCorr   .            (no gloves)
SInv    .            (no boots)
Will    .....        e - amulet of the acrobat
Stlth   ++           (no ring)
HPRegen 0.25/turn    (no ring)
MPRegen 0.13/turn

%: acrobat
@: no status effects
A: no striking features
a: Renounce Religion, Potion Petition, Call Merchant, Bribe Branch


You were on level 7 of the Dungeon.
You worshipped Gozag.
Gozag was pleased with you.
You visited 1 branch of the dungeon, and saw 7 of its levels.

You collected 3728 gold pieces.
You spent 866 gold pieces at shops.
You paid 2115 gold pieces to Gozag.

Inventory:

Armour
 a - a +0 robe (worn)
 c - the +0 cloak "Luopt" (worn) {Drain rElec rPois Int+7}
   (You bought it in a shop on level 7 of the Dungeon)

   Int:       It affects your intelligence (+7).
   rElec:     It insulates you from electricity.
   rPois:     It protects you from poison.
   Drain:     It drains your maximum health when unequipped.
 h - a +0 leather armour of cold resistance
 i - a +1 leather armour of cold resistance
 j - a +1 robe of resistance
 k - a +2 pair of gloves of stealth
 l - the +1 leather armour of Demonic Freedom {rPois Will+ Str-4 SInv}
   (You bought it in a shop on level 7 of the Dungeon)

   Str:       It affects your strength (-4).
   rPois:     It protects you from poison.
   SInv:      It lets you see invisible.
   Will:      It increases your willpower.
Jewellery
 e - an amulet of the acrobat (around neck)
Potions
 b - a potion of magic
 d - a potion of lignification {unknown}
 f - a potion of ambrosia {unknown}
 g - a potion of might {unknown}


   Skills:
 - Level 2.4 Dodging
 - Level 2.4 Stealth
 - Level 3.0 Spellcasting
 + Level 8.2 Conjurations


You couldn't memorise any spells.
You knew the following spells:

 Your Spells              Type           Power      Damage    Failure   Level
a - Magic Dart            Conj           100%       1d8       1%          1
b - Searing Ray           Conj           100%       2d8       1%          2
d - Fulminant Prism       Conj/Hex       15%        3d10      12%         4
e - Iskenderun's Mystic   Conj/Tloc      31%        2d8       12%         4

Your spell library contained the following spells:

 Spells                   Type           Power      Damage    Failure   Level
 Dazzling Flash           Conj/Hex       62%        N/A       3%          3
 Stone Arrow              Conj/Erth      62%        3d10      3%          3
 Sandblast                Erth           8%         2d5       6%          1
 Passwall                 Tmut/Erth      3%         N/A       10%         2


Dungeon Overview and Level Annotations

Branches:
Dungeon (7/15) Zot: 26635
 Temple: D:4-7

Altars:
Gozag

Shops:
D:7 ::[

Annotations:
D:5 Menkaure


Message History

[a] 1014 gold - Vubbelic's Book Shop [b] 933 gold - Iwerph's Antique Armour Shop [c] 1035 gold - Onwoagoz's Assorted Antiques Fund which merchant?
Iwerph invites you to visit his Antique Armour Shop.
You no longer have enough gold to fund merchants seeking to open stores in the dungeon.
c - the +0 cloak "Luopt" {Drain rElec rPois Int+7}
h - a +0 leather armour of cold resistance
i - a +1 leather armour of cold resistance
j - a +1 robe of resistance;
k - a +2 pair of gloves of stealth
l - the +1 leather armour of Demonic Freedom {rPois Will+ Str-4 SInv} Thank you for shopping at Iwerph's Antique Armour Shop!
Casting: Searing Ray (safe; 1% risk of failure)
Confirm with . or Enter, or press ? or * to list all spells.
Okay, then.
This spell is extremely dangerous to cast!
Memorise Fulminant Prism, consuming 4 spell levels and leaving 4?
You start memorising the spell.
You continue memorising. x4
You finish memorising.
Spell assigned to 'd'.
This spell is extremely dangerous to cast!
Memorise Iskenderun's Mystic Blast, consuming 4 spell levels and leaving 0?
You start memorising the spell.
You continue memorising. x4
You finish memorising.
Spell assigned to 'e'.
Casting: Searing Ray (safe; 1% risk of failure)
Confirm with . or Enter, or press ? or * to list all spells.
Okay, then.
Okay, then.
Casting: Searing Ray (safe; 1% risk of failure)
Confirm with . or Enter, or press ? or * to list all spells.
Okay, then.
Really wear
c - the +0 cloak "Luopt" {Drain rElec rPois Int+7}?
You start putting on your armour.
You continue putting on the +0 cloak "Luopt" {Drain rElec rPois Int+7}. x4
You finish putting on the +0 cloak "Luopt" {Drain rElec rPois Int+7}.
You feel clever.
Casting: Searing Ray (safe; 1% risk of failure)
Confirm with . or Enter, or press ? or * to list all spells.
Okay, then.
Unknown command.
Are you sure you want to abandon this character and quit the game? (Confirm with "yes".)

#..... #..... #.....
#..... #.# #..... ..
#..... #s## #..^..
##### #?.# #.....
#∩∩@#######.###.....
#._.#........##.....
#...#.........#.....
#+++#.........s.....
#...#........#......
+.P.'........#.#.###
+.P.'........+.....
+.P.'!.......#...###
#...#.........>.##


There were no monsters in sight!

Vanquished Creatures
  A steam dragon (D:7)
  A phantom (D:6)
  A scorpion (D:5)
  A hound (D:4)
  A dart slug (D:1)
  3 orcs (D:4)
  A ball python (D:4)
  An endoplasm (D:3)
10 creatures vanquished.

Notes
Turn   | Place    | Note
-------+----------+-------------------------------------------
     0 | D:1      | Psyclone the Deep Elf Conjurer began the quest for the Orb.
     0 | D:1      | Reached XP level 1. HP: 10/10 MP: 6/6
   164 | D:4      | Noticed a hound
   169 | D:4      | Killed a hound
   170 | D:4      | Reached skill level 5 in Conjurations
   170 | D:4      | Reached XP level 2. HP: 15/15 MP: 2/8
   170 | D:4      | Reached XP level 3. HP: 19/19 MP: 2/9
   391 | D:5      | Entered Level 5 of the Dungeon
   417 | D:5      | Noticed a scorpion
   423 | D:5      | Killed a scorpion
   424 | D:5      | Reached skill level 6 in Conjurations
   424 | D:5      | Reached XP level 4. HP: 24/24 MP: 3/10
   479 | D:5      | Learned a level 2 spell: Searing Ray
   484 | D:5      | Noticed Menkaure
   505 | D:6      | Noticed a phantom
   512 | D:6      | Killed a phantom
   513 | D:6      | Reached skill level 7 in Conjurations
   513 | D:6      | Reached XP level 5. HP: 28/28 MP: 2/11
   515 | D:6      | Noticed a centaur
   660 | D:7      | Noticed a steam dragon
   668 | D:7      | Killed a steam dragon
   669 | D:7      | Reached skill level 8 in Conjurations
   669 | D:7      | Reached XP level 6. HP: 32/32 MP: 3/12
   682 | D:7      | Found an opulent altar of Gozag.
   740 | D:7      | Identified 3 scrolls of acquirement
   740 | D:7      | Acquired 1178 gold pieces
   748 | D:7      | Acquired 1340 gold pieces
   754 | D:7      | Acquired 1169 gold pieces
   756 | D:7      | Became a worshipper of Gozag Ym Sagoz the Greedy
   867 | D:7      | Bought a faintly glowing cloak for 218 gold pieces
   867 | D:7      | Identified the +0 cloak "Luopt" {Drain rElec rPois Int+7}
                  | (You bought it in a shop on level 7 of the Dungeon)
   867 | D:7      | Bought a runed leather armour for 115 gold pieces
   867 | D:7      | Bought a glowing leather armour for 115 gold pieces
   867 | D:7      | Bought a glowing robe for 85 gold pieces
   867 | D:7      | Bought a pair of runed gloves for 172 gold pieces
   867 | D:7      | Bought a twisted leather armour for 161 gold pieces
   867 | D:7      | Identified the +1 leather armour of Demonic Freedom {rPois
                  | Will+ Str-4 SInv} (You bought it in a shop on level 7 of
                  | the Dungeon)
   872 | D:7      | Learned a level 4 spell: Fulminant Prism
   877 | D:7      | Learned a level 4 spell: Iskenderun's Mystic Blast
   882 | D:7      | Quit the game

Illustrated notes

Levels and vault maps discovered:
D:1:      dpeg_arrival_orchard, layout_basic
D:2:      layout_loops_corners, uniq_natasha, uniq_crazy_yiuf_cottage
D:3:      layout_basic, serial_shops, nicolae_shop_stone, shop
D:4:      layout_basic, nicolae_figureground_sparkle, uniq_sigmund, uniq_robin,
          uniq_blork_the_orc
D:5:      layout_cave_pools, nicolae_ru_path_of_blood, minmay_quadrilaterals,
          uniq_menkaure, uniq_ijyb
D:6:      cheibrodos_barr_body, layout_rooms, lemuel_doored_altar,
          minmay_temple_entry_large_hall, hangedman_decor_growths,
          minmay_fractal_squares_gapless_5
D:7:      layout_basic, mainiacjoe_overflow_big_doors, lemuel_tele_altar,
          zin_scriptorium, nicolae_figureground_pulse, uniq_duvessa

Skill      XL: |  1  2  3  4  5 |
---------------+----------------+-----
Conjurations   | 5 6 7 8 |  8.2
Dodging        | |  2.4
Stealth        | |  2.4
Spellcasting   | |  3.0

Action                     |  1- 3 |  4- 6 || total
---------------------------+-------+-------++-------
   Cast: Magic Dart        |    22 |     3 ||    25
         Searing Ray       |       |     3 ||     3
 Invoke: Call Merchant     |       |     3 ||     3
    Use: Scroll            |       |     3 ||     3
  Dodge: Dodged            |     1 |     8 ||     9
